 Dungeon Crawl Stone Soup version 0.31-a0-1458-g2f8d4710b4 (webtiles) character file.

Game seed: 13067017811445905990

121 hugoak the Slasher (level 5, -1/37 HPs)
             Began as an Octopode Chaos Knight on Dec 28, 2023.
             Was a Plaything of Xom.
             Slain by an orc wizard
             ... wielding a +0 dagger
              (3 damage)
             ... on level 3 of the Dungeon.
             The game lasted 00:03:03 (1790 turns).

hugoak the Slasher (Octopode Chaos Knight)          Turns: 1790, Time: 00:03:03

Health: -1/37      AC:  1    Str: 11    XL:     5   Next: 5%
Magic:  5/5        EV: 14    Int: 15    God:    Xom [.*....]
Gold:   117        SH:  0    Dex: 13    Spells: 4/4 levels left

rFire   . . .        a - +0 falchion (chaos)
rCold   + . .        (no shield)
rNeg    . . .        (helmet restricted)
rPois   .            (no amulet)
rElec   .            m - ring of protection from cold
rCorr   .            (no ring)
SInv    .            (no ring)
Will    +....        (no ring)
Stlth   ++           (no ring)
HPRegen 0.26/turn    (no ring)
MPRegen 0.09/turn    (no ring)
                     (no ring)

%: no passive effects
@: attractive, enlightened, flying
A: almost no armour, amphibious, 8 rings, camouflage 1, gelatinous body 1,
(nimble swimmer 1), tentacles
a: Renounce Religion


You were on level 3 of the Dungeon.
You worshipped Xom.
You were a plaything of Xom.
You visited 1 branch of the dungeon, and saw 3 of its levels.

You collected 117 gold pieces.

Inventory:

Hand Weapons
 a - a +0 falchion of chaos (weapon)
Missiles
 f - 18 poisoned darts
Jewellery
 m - a ring of protection from cold (left tentacle)
Scrolls
 b - a scroll of butterflies
 c - 3 scrolls of identify {unknown}
 d - a scroll of fog {unknown}
 g - a scroll of vulnerability {unknown}
 k - a scroll of immolation {unknown}
 n - a scroll of brand weapon {unknown}
Potions
 j - a potion of brilliance {unknown}
 l - a potion of cancellation
 o - a potion of berserk rage {unknown}
 p - a potion of resistance {unknown}


   Skills:
 + Level 3.7 Fighting
 * Level 4.4 Long Blades
 + Level 3.3 Dodging


You had 4 spell levels left.
You didn't know any spells.
Your spell library contained the following spells:

 Spells                   Type           Power      Damage    Failure   Level
 Hailstorm                Conj/Ice       0%         3d5       63%         3
 Summon Ice Beast         Ice/Summ       0%         N/A       63%         3
 Ignite Poison            Fire/Alch      0%         N/A       95%         4
 Sticky Flame             Fire/Alch      0%         2d4       95%         4
 Sculpt Simulacrum        Ice/Alch       0%         N/A       100%        6
 Ignition                 Fire           0%         3d3       100%        8


Dungeon Overview and Level Annotations

Branches:
Dungeon (3/15)

Altars:
Ashenzari

Annotations:
D:2 Terence


Innate Abilities, Weirdness & Mutations

You cannot wear most types of armour.
You are amphibious.
You can wear up to eight rings at the same time.
Your skin changes colour to match your surroundings (Stealth+).
Your rubbery body absorbs attacks. (AC +1, EV +1)
((You are camouflaged when in or above water. (Stealth+)))
You have tentacles for arms and can constrict up to eight enemies at once.


Message History

* * * LOW HITPOINT WARNING * * *
You hear some strange, mumbled words.
Something tries to affect you, but you resist.
You hear some strange, mumbled words.
You are confused.
It was a potion of cancellation.
Your magical effects are unravelling.
You feel magically purged.
Xom roars with laughter!
You feel less confused.
Unknown command.
You hear some strange, mumbled words.
A puff of flame appears from out of thin air!
The puff of flame hits you!
* * * LOW HITPOINT WARNING * * *
A puff of flame appears from out of thin air!
The puff of flame hits you.
* * * LOW HITPOINT WARNING * * *
There is an open door here.
You close the door.
It was a potion of enlightenment.
You feel very buoyant.
You fly up into the air.
Something unseen opens the door.
It was a potion of curing.
You feel better.
Xom roars with laughter!
You hit something. You burn something.
You hear some strange, mumbled words.
A puff of flame appears from out of thin air!
The puff of flame hits you!
* * * LOW HITPOINT WARNING * * *
You barely miss something. Something hits you.
* * * LOW HITPOINT WARNING * * *
Something hits you.
* * * LOW HITPOINT WARNING * * *
It was a potion of attraction.
You feel attractive to monsters.
Xom roars with laughter!
Something hits you.
You die...
Xom yawns loudly!

##### .... ...# .....
######.### .....
#........####..?.
#........)...#
#..........).#
############............#
#..........######.......#
#..........'...@{.......#
#..........######.......#
#..........# #.......#
#..........# #.......#
###'######## #.....:.#
#... #.# #.......# #..[
#.# ######### #... #.#
######### #...
#.########## #.......#
#...


There were no monsters in sight!

Vanquished Creatures
  An orc priest (D:3)
  3 adders (D:2)
  An orc (D:3)
  4 ball pythons
  6 endoplasms
  2 giant cockroaches (D:1)
  6 hobgoblins
  10 jackals
  4 quokkas
  4 bats (D:1)
  3 frilled lizards
  5 goblins
  2 kobolds (D:1)
  8 rats
59 creatures vanquished.

Notes
Turn   | Place    | Note
-------+----------+-------------------------------------------
     0 | D:1      | hugoak the Octopode Chaos Knight began the quest for the
                  | Orb.
     0 | D:1      | Reached XP level 1. HP: 16/16 MP: 1/1
    19 | D:1      | XOM: divination: detect items
   112 | D:1      | Reached XP level 2. HP: 15/21 MP: 2/2
   143 | D:1      | XOM: silly message
   193 | D:1      | XOM: silly message
   492 | D:1      | Reached XP level 3. HP: 26/26 MP: 3/3
   564 | D:1      | You fall into a shaft and drop 1 floor!
   628 | D:2      | Noticed Terence
   654 | D:2      | XOM: smoke on damage
   787 | D:2      | Reached skill level 4 in Long Blades
   787 | D:2      | Reached XP level 4. HP: 17/31 MP: 4/4
   820 | D:2      | XOM: cloud trail
   877 | D:2      | Found a broken altar of Ashenzari.
   892 | D:2      | XOM: divination: detect creatures
   960 | D:2      | XOM: 1-stop teleportation journey
  1579 | D:3      | XOM: god gift: quarterstaff {god gift}
  1771 | D:3      | XOM: smoke on damage
  1776 | D:3      | Reached XP level 5. HP: 18/37 MP: 5/5
  1789 | D:3      | HP: 1/37 [something (3)]
  1790 | D:3      | Slain by an orc wizard

Illustrated notes

Levels and vault maps discovered:
D:1:      dpeg_arrival_more_subterranean_lakeside_camping, layout_basic
D:2:      layout_loops_ring, shapermc_ecumenical_altar_mp_ritualfount,
          serial_shops, shop, basic_altar, minmay_misc_feat_roman, uniq_terence
D:3:      layout_basic, mainiacjoe_overflow_surrounded_room,
          chequers_serial_rivers_small_a

Skill      XL: |  1  2  3 |
---------------+----------+-----
Long Blades    | 4 |  4.4
Dodging        | 3 |  3.3
Fighting       | |  3.7

Action                     |  1- 3 |  4- 6 || total
---------------------------+-------+-------++-------
  Melee: Falchion          |    63 |    56 ||   119
         Constrict         |    16 |    15 ||    31
         Tentacles         |    14 |    13 ||    27
    Use: Potion            |       |     4 ||     4
   Stab: Sleeping          |     5 |     3 ||     8
         Distracted        |       |     1 ||     1
 Armour: Skin              |    29 |    33 ||    62
  Dodge: Dodged            |    29 |    38 ||    67

Table legend: (Time is in decaauts)
 A = Elapsed time spent in this place.
 B = Non-inter-level travel time spent in this place.
 C = Inter-level travel time spent in this place.
 D = Time resting spent in this place.
 E = Time spent auto-exploring this place.
 F = Levels seen in this place.
 G = Mean time per level.
                   A        B        C        D        E       F      G
               +--------+--------+--------+--------+--------+-----+--------+
         Total |   1803 |   1735 |     68 |    139 |   1129 |   3 |  601.0 |
       Dungeon |   1803 |   1735 |     68 |    139 |   1129 |   3 |  601.0 |
               +--------+--------+--------+--------+--------+-----+--------+

Top non-repeatable levels by time:
     D:1: 927 daAuts
     D:2: 639 daAuts
     D:3: 235 daAuts
